 Dungeon Crawl Stone Soup version 0.17-a0-1646-geb1493d (webtiles) character file.

165 patman the Grave Robber (level 5, 0/24 HPs)
             Began as a Vine Stalker Necromancer on Aug 9, 2015.
             Was an Initiate of Sif Muna.
             Slain by Edmund
             ... wielding a +0 flail of protection
              (8 damage)
             ... on level 3 of the Dungeon.
             The game lasted 00:06:30 (2093 turns).

patman the Grave Robber (Vine Stalker Necromancer)  Turns: 2093, Time: 00:06:30

Health: 0/24       AC:  4    Str: 11    XL:     5   Next: 46%
Magic:  0/9        EV: 11    Int: 16    God:    Sif Muna [......]
Gold:   66         SH:  0    Dex: 14    Spells: 4 memorised, 0 levels left

rFire  . . .     SeeInvis +     i - +0 dagger
rCold  . . .     Clarity  .     p - +0 leather armour (curse)
rNeg   . . .     SustAt   .     (no shield)
rPois  +         Gourm    .     (no helmet)
rElec  .         Spirit   +     s - +0 cloak {rPois}
rCorr  .         Warding  .     (no gloves)
rMut   .         Stasis   .     (no boots)
MR     .....                    (no amulet)
Stlth  +++.......               m - ring of stealth
                                u - ring of see invisible

@: not resistant to hostile enchantments, fairly stealthy
A: fangs 2, regeneration 1, magic shield, antimagic bite, no device heal 3, rot
immunity
a: Renounce Religion


You were on level 3 of the Dungeon.
You worshipped Sif Muna.
Sif Muna was noncommittal.
You were not hungry.

You visited 1 branch of the dungeon, and saw 4 of its levels.

You collected 66 gold pieces.

Inventory:

Hand weapons
 i - a +0 dagger (weapon)
Armour
 a - a +0 robe
 p - a cursed +0 leather armour (worn)
 s - a +0 cloak of poison resistance (worn)
Jewellery
 m - a ring of stealth (right hand)
 u - a ring of see invisible (left hand)
Scrolls
 d - 2 scrolls of identify {unknown}
 e - a scroll of fear {unknown}
 f - 2 scrolls of immolation {unknown}
 o - 3 scrolls of recharging {unknown}
 t - a scroll of enchant armour {unknown}
Potions
 g - 2 potions of heal wounds
 j - 2 potions of flight {unknown}
 k - 2 potions of cure mutation {unknown}
 n - a potion of haste {unknown}
 r - a potion of curing {unknown}
Books
 b - a book of Necromancy

   Spells                             Type                      Level
   a - Pain                           Necromancy                   1
   b - Animate Skeleton               Necromancy                   1
   c - Vampiric Draining              Necromancy                   3
   d - Regeneration                   Charms/Necromancy            3
   e - Animate Dead                   Necromancy                   4
   f - Control Undead                 Necromancy                   4
Comestibles
 c - 4 bread rations
 h - 7 fruits
 l - 2 meat rations


   Skills:
 - Level 1.5 Dodging
 - Level 2.4 Stealth
 - Level 2.1 Spellcasting
 + Level 6.5 Necromancy


You couldn't memorise any spells.
You knew the following spells:

 Your Spells              Type           Power        Failure   Level  Hunger
a - Pain                  Necr           ###.         1%          1    #......
d - Vampiric Draining     Necr           ###.......   6%          3    ###....
s - Animate Skeleton      Necr           N/A          1%          1    #......
R - Regeneration          Chrm/Necr      ##........   24%         3    ###....


Dungeon Overview and Level Annotations

Branches:
Dungeon (4/15)
 Temple: D:4-7

Altars:
Elyvilon
Sif Muna

Annotations:
D:3 Edmund


Innate Abilities, Weirdness & Mutations

You have extremely sharp teeth.
Your natural rate of healing is unusually fast.
When hurt, damage is shared between your health and your magic reserves.
Your bite disrupts and absorbs the magic of your enemies.
Potions and wands cannot restore your health.
You are immune to rotting.


Message History

You hit Edmund but do no damage. You bite Edmund, but do no damage.
Edmund is moderately wounded.
Edmund closely misses you.
You hit Edmund but do no damage.
Edmund is moderately wounded.
Edmund hits you but does no damage.
You hit Edmund but do no damage.
Edmund is moderately wounded.
Edmund barely misses you.
You hit Edmund but do no damage.
Edmund is moderately wounded.
Edmund barely misses you.
You hit Edmund but do no damage.
Edmund is moderately wounded.
You barely miss Edmund.
Edmund is moderately wounded.
Edmund hits you with a flail of protection!
* * * LOW HITPOINT WARNING * * *
Edmund hits you with a flail of protection!
You die...

#....# #..# #.#
#....# ######
#..###.###....#
##### ###
##.'.._..+....#####
#.... ..#
#.#######........#
#.### ..# #.# ###
#........# #.### ..#
#.#######........#
#...# ###
#................#
###.#
######.###.......###
#.#
#.@@........'.####.#
####........#......#
#........#..#####
#.............# #
#####........#.#.###
#.....#'####.#.#....
#.###.#.# #.#.#####
#.#...#.# #.#.#
#####.#.###.# #.#.#


You could see Edmund.

Vanquished Creatures
  Crazy Yiuf (D:2)
  Terence (D:3)
  5 adders
  An ooze (D:1)
  5 orcs (D:3)
  A ball python (D:1)
  5 bats
  2 giant cockroaches
  7 goblins
  5 hobgoblins
  3 quokkas (D:3)
  4 giant geckos
  3 giant newts
  3 jackals (D:2)
  A kobold (D:2)
  7 rats
54 creatures vanquished.

Notes
Turn   | Place    | Note
--------------------------------------------------------------
     0 | D:1      | patman the Vine Stalker Necromancer began the quest for the Orb.
     0 | D:1      | Reached XP level 1. HP: 9/9 MP: 4/4
   298 | D:1      | Reached XP level 2. HP: 8/13 MP: 0/6
   368 | D:1      | Learned a level 1 spell: Animate Skeleton
   741 | D:2      | Reached XP level 3. HP: 7/16 MP: 0/7
   906 | D:2      | Reached skill level 5 in Necromancy
  1035 | D:2      | Noticed Crazy Yiuf
  1051 | D:2      | Killed Crazy Yiuf
  1051 | D:2      | Reached XP level 4. HP: 9/21 MP: 0/8
  1205 | D:2      | Noticed Jessica
  1269 | D:2      | You fall through a shaft!
  1346 | D:3      | Noticed Terence
  1364 | D:3      | Found a deep blue altar of Sif Muna.
  1381 | D:3      | Killed Terence
  1381 | D:3      | Reached skill level 6 in Necromancy
  1381 | D:3      | Reached XP level 5. HP: 3/24 MP: 4/9
  1391 | D:3      | HP: 1/24 [giant gecko (1)]
  1593 | D:3      | Became a worshipper of Sif Muna the Loreminder
  1645 | D:3      | Found a white marble altar of Elyvilon.
  1802 | D:3      | Learned a level 3 spell: Regeneration
  1806 | D:3      | Learned a level 3 spell: Vampiric Draining
  2027 | D:4      | Noticed Edmund
  2044 | D:3      | HP: 1/24 [Edmund/flail of protection (2)]
  2093 | D:3      | Slain by Edmund

Vault maps used:
D:1:      onia_arrival_pentagram
D:2:      first_bread, uniq_jessica, uniq_crazy_yiuf_cottage
D:3:      lemuel_doored_altar, led_sif_pool, uniq_terence
D:4:      minmay_door_path, bloody_trog, portal_sewer_entry_f, uniq_edmund

Action                   |  1- 3 |  4- 6 || total
-------------------------+-------+-------++-------
Melee: Dagger            |    37 |   101 ||   138
 Cast: Pain              |    27 |    35 ||    62
       Animate Skeleton  |     3 |     4 ||     7
       Vampiric Draining |       |     1 ||     1
 Stab: Sleeping          |     3 |     1 ||     4
  Eat: Chunk             |     1 |     2 ||     3
       Royal jelly       |       |     1 ||     1
